 Dungeon Crawl Stone Soup version 0.26-a0-215-g1b87330c0f (webtiles) character file.

Game seed: 15554631292540695448

2782 BritishOli the Carver (level 9, -9/72 HPs)
             Began as a Demonspawn Gladiator on July 6, 2020.
             Mangled by a two-headed ogre
             ... wielding a +0 giant club
              (12 damage)
             ... on level 8 of the Dungeon.
             The game lasted 00:13:09 (8032 turns).

BritishOli the Carver (Demonspawn Gladiator)        Turns: 8032, Time: 00:13:11

Health: -9/72      AC: 17    Str: 18    XL:     9   Next: 43%
Magic:  9/9        EV: 10    Int: 10    God:
Gold:   471        SH:  0    Dex: 19    Spells: 8/8 levels left

rFire    x . .     SeeInvis +   a - +0 long sword
rCold    . . .     Faith    .   (no shield)
rNeg     . . .     Spirit   .   C - +1 chain mail of the True Pharaoh {+Blink rF- Dex+5} (curse)
rPois    .         Reflect  .   c - +0 helmet
rElec    .         Harm     .   (no cloak)
rCorr    .                      (no gloves)
MR       .....                  x - +0 pair of boots
Stlth    ..........             (no amulet)
HPRegen  0.22/turn              y - ring of see invisible
MPRegen  0.11/turn              (no ring)

@: no status effects
A: talons 1, iridescent scales 2, demonic guardian 1, spiny 1
a: Evoke Blink


You were on level 8 of the Dungeon.
You were not hungry.

You visited 1 branch of the dungeon, and saw 8 of its levels.
You also visited: Sewer.

You collected 471 gold pieces.

Inventory:

Hand Weapons
 a - a +0 long sword (weapon)
Armour
 c - a +0 helmet (worn)
 m - a +0 ring mail
 x - a +0 pair of boots (worn)
 C - the cursed +1 chain mail of the True Pharaoh (worn) {+Blink rF- Dex+5}
   (You found it on level 8 of the Dungeon)

   It affects your dexterity (+5).
   It makes you vulnerable to fire.
   It lets you blink.
   It has a curse placed upon it.
Jewellery
 y - a ring of see invisible (left hand)
Wands
 q - a wand of enslavement (9)
 t - a wand of disintegration (2)
 A - a wand of iceblast (7)
 D - a wand of paralysis (8)
Scrolls
 h - 6 scrolls of teleportation
 i - 3 scrolls of enchant armour {unknown}
 j - 11 scrolls of identify {unknown}
 k - 3 scrolls of amnesia {unknown}
 o - 4 scrolls of enchant weapon {unknown}
 r - 5 scrolls of remove curse {unknown}
 s - 2 scrolls of fear {unknown}
 u - a scroll of immolation {unknown}
 v - 4 scrolls of magic mapping {unknown}
Potions
 b - 2 potions of lignification
 e - a potion of mutation {unknown}
 g - 2 potions of cancellation {unknown}
 l - 2 potions of invisibility {unknown}
 n - 4 potions of curing {unknown}
 p - a potion of brilliance {unknown}
 w - a potion of ambrosia {unknown}
 z - 4 potions of flight
 B - a potion of berserk rage {unknown}
 E - a potion of stabbing {unknown}
Comestibles
 f - 5 rations


   Skills:
 + Level 7.0 Fighting
 * Level 8.1 Long Blades
 - Level 2.0 Throwing
 + Level 6.0 Armour
 - Level 4.0 Dodging


You had 8 spell levels left.
You didn't know any spells.
Your spell library contained the following spells:

 Spells                   Type           Power        Failure   Level
 Animate Skeleton         Necr           N/A          99%         1
 Apportation              Tloc           #.....       99%         1
 Corona                   Hex            #......      99%         1
 Summon Small Mammal      Summ           #...         99%         1
 Call Imp                 Summ           #.......     99%         2
 Call Canine Familiar     Summ           #.......     100%        3
 Confusing Touch          Hex            #.......     100%        3
 Gell's Gravitas          Tloc           #.........   100%        3
 Summon Guardian Golem    Hex/Summ       #.......     100%        3
 Petrify                  Tmut/Erth      #.......     100%        4
 Summon Ice Beast         Ice/Summ       #.......     100%        4
 Summon Lightning Spire   Summ/Air       #.......     100%        4
 Metabolic Englaciation   Hex/Ice        #.........   100%        5
 Yara's Violent Unravell  Hex/Tmut       #.........   100%        5


Dungeon Overview and Level Annotations

Branches:
Dungeon (8/15)             Temple (0/1) D:5           Sewer (visited)
   Lair: D:8-11

Altars:
Kikubaaqudgha
Makhleb
Ru
Xom

Annotations:
D:6 2 transporters


Innate Abilities, Weirdness & Mutations

You have sharp toenails.
You are mostly covered in iridescent scales. (AC +4)
A weak demonic guardian rushes to your aid.
You are partially covered in sharp spines.


Message History

You slash the two-headed ogre!
The two-headed ogre is moderately wounded.
You slash the two-headed ogre!
The two-headed ogre is moderately wounded.
The two-headed ogre struggles against the net. x2
You hit the two-headed ogre.
The two-headed ogre is moderately wounded.
You hit the two-headed ogre.
The two-headed ogre is moderately wounded.
The two-headed ogre struggles against the net.
You hit the two-headed ogre but do no damage.
The two-headed ogre is moderately wounded.
The two-headed ogre struggles against the net.
You strike the helpless two-headed ogre from behind!
You hit the two-headed ogre but do no damage.
The two-headed ogre is moderately wounded.
The two-headed ogre struggles against the net.
The net rips apart, and the two-headed ogre comes free!
The two-headed ogre hits you with a +0 giant club!
You die...

#+# #. #.# #. ####.# #.
..#$## #. #..$.## #.
#####.....# #. #...#....#
########.
.###.#.#.#.#.####........
...[....@O...=....#######
####.#####.######## #.#
..# ####


You could see a two-headed ogre.

Vanquished Creatures
  A vampire (D:7)
  A hungry ghost (D:8)
  2 sky beasts
  A black bear (D:5)
  2 phantoms
  3 ogres
  An ice beast (D:8)
  3 centaurs
  A bullfrog (D:7)
  A big kobold (D:7)
  2 scorpions
  A wyvern skeleton (D:5)
  4 killer bees (D:7)
  4 howler monkeys
  A crimson imp (D:8)
  A bullfrog zombie (D:7)
  A centaur zombie (D:8)
  2 bullfrog skeletons
  2 hounds (D:5)
  A centaur skeleton (D:4)
  5 worker ants
  Ijyb (D:3)
  4 orc wizards
  3 iguanas
  A merfolk siren (Sewer)
  A merfolk avatar (Sewer)
  A howler monkey zombie (D:7)
  A worker ant zombie (D:5)
  4 gnolls (D:2)
  6 adders
  3 river rats (Sewer)
  A shadow imp (D:5)
  A white imp (D:7)
  2 ufetubi
  An adder zombie (D:6)
  2 adder skeletons
  2 worms (D:4)
  A dart slug (D:1)
  6 leopard geckos
  10 orcs
  8 giant cockroaches
  3 goblins
  5 hobgoblins
  7 jackals (D:6)
  12 kobolds
  3 quokkas
  8 ball pythons
  5 bats
  8 frilled lizards
  A leopard gecko zombie (D:5)
  30 rats
181 creatures vanquished.

Notes
Turn   | Place    | Note
-------+----------+-------------------------------------------
     0 | D:1      | BritishOli the Demonspawn Gladiator began the quest for the
                  | Orb.
     0 | D:1      | Reached XP level 1. HP: 16/16 MP: 1/1
   282 | D:1      | Gained mutation: You are partially covered in iridescent
                  | scales. (AC +2) [demonic ancestry]
   282 | D:1      | Reached XP level 2. HP: 22/22 MP: 2/2
   823 | D:2      | Noticed a centaur
   839 | D:2      | Killed a centaur
   839 | D:2      | Reached skill level 3 in Long Blades
   839 | D:2      | Reached skill level 1 in Armour
   839 | D:2      | Gained mutation: You have sharp toenails. [demonic
                  | ancestry]
   839 | D:2      | Reached XP level 3. HP: 4/28 MP: 3/3
   839 | D:2      | Reached XP level 4. HP: 5/34 MP: 4/4
  1234 | D:2      | Gained mutation: You are partially covered in sharp spines.
                  | [demonic ancestry]
  1234 | D:2      | Reached XP level 5. HP: 16/41 MP: 5/5
  2248 | D:3      | Noticed a phantom
  2271 | D:3      | Killed a phantom
  2461 | D:3      | Noticed Ijyb
  2469 | D:3      | Killed Ijyb
  2469 | D:3      | Reached XP level 6. HP: 47/47 MP: 6/6
  3112 | D:4      | Reached skill level 4 in Long Blades
  3705 | D:4      | Gained mutation: You are mostly covered in iridescent
                  | scales. (AC +4) [demonic ancestry]
  3705 | D:4      | Reached XP level 7. HP: 53/54 MP: 7/7
  4214 | D:5      | Entered Level 5 of the Dungeon
  4226 | D:5      | Reached skill level 5 in Long Blades
  4229 | D:5      | Reached skill level 5 in Fighting
  4290 | D:5      | Reached XP level 8. HP: 61/62 MP: 8/8
  4813 | D:5      | Found a staircase to the Ecumenical Temple.
  5386 | D:6      | Found a transporter.
  5455 | D:6      | Reached skill level 6 in Long Blades
  5482 | D:6      | Found a transporter.
  5548 | D:6      | Found a glowing drain.
  5553 | Sewer    | Entered a sewer
  6219 | D:6      | Found a sacrificial altar of Ru.
  6385 | D:7      | Reached skill level 5 in Armour
  6389 | D:7      | Reached skill level 7 in Long Blades
  6652 | D:7      | HP: 3/97 [vampire (3)]
  6655 | D:7      | Gained mutation: A weak demonic guardian rushes to your
                  | aid. [demonic ancestry]
  6655 | D:7      | Reached XP level 9. HP: 4/71 MP: 9/9
  7026 | D:7      | Found an ancient bone altar of Kikubaaqudgha.
  7479 | D:8      | Got a crude chain mail
  7490 | D:8      | Identified the cursed +1 chain mail of the True Pharaoh
                  | {+Blink rF- Dex+5} (You found it on level 8 of the Dungeon)
  7549 | D:8      | Found a burning altar of Makhleb.
  7550 | D:8      | Found a shimmering altar of Xom.
  7767 | D:8      | Reached skill level 8 in Long Blades
  8011 | D:8      | Noticed a two-headed ogre
  8025 | D:8      | HP: 2/72 [two-headed ogre/+0 giant club (11)]
  8032 | D:8      | Mangled by a two-headed ogre

Illustrated notes

Levels and vault maps discovered:
D:1:      roderic_crop_circles_arrival_small, layout_rooms, serial_bayou_pond_c
D:2:      layout_loops_ring
D:3:      layout_basic, first_ration, uniq_ijyb
D:4:      layout_loops_corners, minmay_misc_feat_columns,
          minmay_a_box_with_orc_wizards_in_it
D:5:      layout_basic, minmay_temple_entry_from_below_a, serial_bayou_pond_b
D:6:      gammafunk_steamed_eel, layout_gridville, kennysheep_little_box,
          portal_sewer_entry_e
D:7:      layout_loops_ring, nicolae_overflow_crystal_walls,
          nicolae_tso_carved_into_rock, grunt_livestock, uniq_duvessa
D:8:      layout_loops_corners, grunt_temple_overflow_champion_of_chaos,
          serial_shops, shop_fountains

Skill      XL: |  1  2  3  4  5  6  7  8  9 |
---------------+----------------------------+-----
Throwing       | 2 |  2.0
Dodging        | 3 4 |  4.0
Long Blades    | 3 4 5 7 8 |  8.1
Armour         | 1 2 3 4 5 6 |  6.0
Fighting       | 3 4 5 6 7 |  7.0

Action                   |  1- 3 |  4- 6 |  7- 9 || total
-------------------------+-------+-------+-------++-------
Melee: Long sword        |    53 |   106 |   290 ||   449
       Kick              |       |    31 |    26 ||    57
Throw: Throwing net      |     1 |       |     3 ||     4
Evoke: Wand              |       |     1 |     6 ||     7
  Use: Potion            |       |     1 |     1 ||     2
 Stab: Held in net/web   |     1 |       |     1 ||     2
  Eat: Ration            |       |     3 |     5 ||     8
Armor: Leather armour    |    13 |     3 |       ||    16
       Ring mail         |       |    35 |    93 ||   128
       Skin              |       |     3 |     8 ||    11
       Chain mail        |       |       |    16 ||    16
Dodge: Dodged            |    44 |    54 |   185 ||   283
       Rpst.: Long sword |    18 |    15 |    49 ||    82

Table legend:
 A = Non-vault XP
 B = Vault XP
 C = Vault XP percentage of total XP
 D = Non-vault monster count
 E = Vault monster count
 F = Vault count percentage of total count
                 A         B        C        D         E       F
            +---------+---------+-------+---------+---------+-------
      Total |    3477 |     498 |  12.5 |     131 |      50 |  27.6
            +---------+---------+-------+---------+---------+-------
        D:1 |      22 |       0 |   0.0 |      14 |       0 |   0.0
        D:2 |     200 |       0 |   0.0 |      21 |       0 |   0.0
        D:3 |     152 |      36 |  19.1 |       9 |       1 |  10.0
        D:4 |     576 |     112 |  16.3 |      13 |       3 |  18.8
        D:5 |     586 |     131 |  18.3 |      23 |       1 |   4.2
        D:6 |     118 |       0 |   0.0 |      17 |       0 |   0.0
        D:7 |    1099 |       0 |   0.0 |      24 |       0 |   0.0
        D:8 |     724 |      50 |   6.5 |      10 |       1 |   9.1
      Sewer |       0 |     169 | 100.0 |       0 |      44 | 100.0
            +---------+---------+-------+---------+---------+-------
